 Dungeon Crawl Stone Soup version 0.31-a0-1338-gb567cfdca4 (webtiles) character file.

Game seed: 15020078020818299575

2686535 dialectric the Invulnerable (level 26, 239/239 HPs)
             Began as a Minotaur Fighter on Dec 20, 2023.
             Was the Champion of Jiyva.
             Escaped with the Orb
             ... and 4 runes
             ... and 1 gem on Dec 23, 2023!
             The game lasted 02:30:36 (58438 turns).

dialectric the Invulnerable (Minotaur Fighter)     Turns: 58438, Time: 02:30:37

Health: 239/239    AC: 39    Str: 43    XL:     26   Next: 30%
Magic:  7/7        EV: 28    Int:  8    God:    Jiyva [******]
Gold:   3331       SH: 26    Dex: 20    Spells: 20/25 levels left

rFire   . . .        H - +7 eveningstar (antimagic)
rCold   + + +        m - +0 tower shield {AC+3}
rNeg    . . .        s - +6 plate armour of the Farmer {Str+2 Int+3}
rPois   +            (helmet restricted)
rElec   +            W - +1 cloak "Sangucih" {rElec rPois rC+}
rCorr   +            v - +2 pair of gloves
SInv    .            K - +2 pair of boots
Will    +....        i - amulet of Reimbursement {Regen+ Str+6 Dex+3} Stlth
                     Q - ring of Tootofe {*Slow rC+++ EV+5 Dex+3 Slay+5}
HPRegen 2.99/turn    y - ring of Lami Suv {rPois rC+ Str+6}
MPRegen 0.90/turn

%: slow self (1%)
@: studying Ranged Weapons
A: horns 2, retaliatory headbutt, iridescent scales 1, cold resistance 3, frail
1, pseudopods 3, jelly sensing items, subdued magic 2
0: Orb of Zot
}: 4/15 runes: serpentine, barnacled, slimy, silver
a: Renounce Religion, Oozemancy, Slimify


You escaped.
You worshipped Jiyva.
Jiyva was exalted by your worship.
You visited 12 branches of the dungeon, and saw 54 of its levels.
You visited the Abyss 2 times.
You visited 2 bazaars.
You also visited: Trove, Bailey and Ice Cave.

You collected 8872 gold pieces.
You spent 5541 gold pieces at shops.

Inventory:

Hand Weapons
 a - the +7 quarterstaff of the Peculiar Knives {heavy, *Rage rF+ Int+8}
   (You took it off a deep elf demonologist on level 5 of the Vaults)

   Int+8:     It affects your intelligence (+8).
   rF+:       It protects you from fire.
   *Rage:     It berserks you when you make melee attacks (+20% chance).
 f - the +8 Wrath of Trog {antimagic, *Rage Rampage}
   (You found it in a treasure trove)

   It causes slowness and exhaustion when equipped.
   It extends the wielder's berserk rage when killing foes.
   *Rage:     It berserks you when you make melee attacks (+50% chance).
   Rampage:   It bestows one free step when moving towards enemies.
 w - a +3 great mace of freezing
 H - a +7 antimagic eveningstar (weapon)
Missiles
 D - 4 throwing nets
 S - 9 silver javelins (quivered)
Armour
 b - the +2 fire dragon scales of the Ego {rElec rF++ rC- rCorr}
   (You bought it in a shop on level 11 of the Dungeon)

   rF++:      It greatly protects you from fire.
   rC-:       It makes you vulnerable to cold.
   rElec:     It insulates you from electricity.
   rCorr:     It protects you from acid and corrosion.
 c - a +2 kite shield of cold resistance
 h - a +2 buckler of cold resistance
 m - a +0 tower shield of protection (worn)
 s - the +6 plate armour of the Farmer (worn) {Str+2 Int+3}
   (You found it on level 5 of the Vaults)

   Str+2:     It affects your strength (+2).
   Int+3:     It affects your intelligence (+3).
 v - a +2 pair of gloves (worn)
 K - a +2 pair of boots (worn)
 R - quicksilver dragon scales
 U - a +2 hat
 W - the +1 cloak "Sangucih" (worn) {rElec rPois rC+}
   (You found it on level 5 of the Pits of Slime)

   rC+:       It protects you from cold.
   rElec:     It insulates you from electricity.
   rPois:     It protects you from poison
Jewellery
 e - the ring "Tiafim" {Fly rC+++ Slay+4 Stlth-}
   (You found it on level 10 of the Dungeon)

   [ring of slaying]

   Slay+4:    It affects your accuracy & damage with ranged weapons and melee
   (+4).
   rC+++:     It renders you almost immune to cold.
   Fly:       It grants you flight.
   Stlth-:    It makes you less stealthy.
 i - the amulet of Reimbursement (around neck) {Regen+ Str+6 Dex+3}
   (You bought it in a shop in a bazaar)

   [amulet of regeneration]

   Str+6:     It affects your strength (+6).
   Dex+3:     It affects your dexterity (+3).
   Regen+:    It increases your rate of health regeneration.
 o - a +5 ring of evasion
 q - the amulet "Uran" {RegenMP rF+ rN+++ Regen+ Dex-3}
   (You bought it in a shop in a bazaar)

   [amulet of magic regeneration]

   RegenMP:   It increases your rate of magic regeneration.
   Dex-3:     It affects your dexterity (-3).
   rF+:       It protects you from fire.
   rN+++:     It renders you almost immune to negative energy.
   Regen+:    It increases your rate of health regeneration.
 y - the ring of Lami Suv (right hand) {rPois rC+ Str+6}
   (You took it off a deep elf demonologist on level 5 of the Vaults)

   [ring of strength]

   Str+6:     It affects your strength (+6).
   rC+:       It protects you from cold.
   rPois:     It protects you from poison
 B - the amulet of Nobility {Acrobat Will+ Regen+ Dex-4}
   (You took it off a vault sentinel on level 5 of the Vaults)

   [amulet of the acrobat]

   Acrobat:   It increases your evasion while moving and waiting.
   Dex-4:     It affects your dexterity (-4).
   Will+:     It increases your willpower.
   Regen+:    It increases your rate of health regeneration.
 P - the ring of Innequss {rPois rC- AC+4 Int+3}
   (You found it on level 1 of the Realm of Zot)

   [ring of protection]

   AC+4:      It affects your AC (+4).
   Int+3:     It affects your intelligence (+3).
   rC-:       It makes you vulnerable to cold.
   rPois:     It protects you from poison
 Q - the ring of Tootofe (left hand) {*Slow rC+++ EV+5 Dex+3 Slay+5}
   (You bought it in a shop on level 1 of the Snake Pit)

   [ring of evasion]

   EV+5:      It affects your evasion (+5).
   Dex+3:     It affects your dexterity (+3).
   Slay+5:    It affects your accuracy & damage with ranged weapons and melee
   (+5).
   rC+++:     It renders you almost immune to cold.
   *Slow:     It may slow you when you take damage.
 Z - a ring of see invisible
Wands
 t - a wand of digging (33)
 G - a wand of paralysis (25)
 J - a wand of iceblast (20)
 N - a wand of flame (29)
 T - a wand of mindburst (36)
 X - a wand of light (21)
Scrolls
 n - 3 scrolls of brand weapon
 p - 8 scrolls of revelation
 r - 14 scrolls of fear
 u - 3 scrolls of fog
 x - 3 scrolls of blinking
 z - 8 scrolls of teleportation
 A - a scroll of silence
 L - 2 scrolls of vulnerability
 V - 3 scrolls of enchant armour
Potions
 d - 8 potions of might
 g - 8 potions of curing
 j - a potion of berserk rage
 k - 2 potions of heal wounds
 l - 2 potions of haste
 E - 3 potions of brilliance
 F - 5 potions of ambrosia
 M - 3 potions of cancellation
Miscellaneous
 C - a phial of floods
 I - a box of beasts
 O - a phantom mirror


   Skills:
 O Level 27 Fighting
 O Level 27 Maces & Flails
 O Level 27 Armour
 + Level 19.5 Dodging
 + Level 26.2 Shields
 + Level 4.3 Conjurations


You had 20 spell levels left.
You knew the following spells:

 Your Spells              Type           Power      Damage    Failure   Level
a - Iskenderun's Battles  Conj           4%         2d6       98%         5

Your spell library contained the following spells:

 Spells                   Type           Power      Damage    Failure   Level
 Magic Dart               Conj           16%        1d3       11%         1
 Searing Ray              Conj           8%         2d4       17%         2
 Foxfire                  Conj/Fire      8%         2x1d4     28%         1
 Kiss of Death            Conj/Necr      8%         2d6       28%         1
 Sting                    Conj/Alch      8%         1d3       28%         1
 Momentum Strike          Conj/Tloc      4%         3d8       43%         2
 Apportation              Tloc           0%         N/A       58%         1
 Necrotise                Necr           0%         1d4       58%         1
 Sandblast                Erth           0%         2d4       58%         1
 Slow                     Hex            0%         N/A       58%         1
 Summon Small Mammal      Summ           0%         N/A       58%         1
 Hailstorm                Conj/Ice       2%         3d5       67%         3
 Stone Arrow              Conj/Erth      4%         3d7       67%         3
 Blink                    Tloc           0%         N/A       73%         2
 Call Imp                 Summ           0%         N/A       73%         2
 Cigotuvi's Dreadful Rot  Necr/Alch/Air  0%         N/A       73%         2
 Ensorcelled Hibernation  Hex/Ice        0%         N/A       73%         2
 Lesser Beckoning         Tloc           0%         N/A       73%         2
 Passwall                 Alch/Erth      0%         N/A       73%         2
 Sublimation of Blood     Necr           0%         N/A       73%         2
 Confusing Touch          Hex            0%         N/A       92%         3
 Frozen Ramparts          Ice            0%         1d1       92%         3
 Fugue of the Fallen      Necr           0%         N/A       92%         3
 Gell's Gravitas          Tloc           0%         N/A       92%         3
 Inner Flame              Hex/Fire       0%         N/A       92%         3
 Ozocubu's Armour         Ice            0%         N/A       92%         3
 Sigil of Binding         Hex            0%         N/A       92%         3
 Swiftness                Air            0%         N/A       92%         3
 Teleport Other           Tloc           0%         N/A       92%         3
 Vampiric Draining        Necr           0%         2d6       92%         3
 Brom's Barrelling Bould  Conj/Erth      2%         2d3       97%         4
 Fulminant Prism          Conj/Alch      1%         3d5       97%         4
 Anguish                  Hex/Necr       0%         N/A       100%        4
 Cause Fear               Hex            0%         N/A       100%        4
 Dispel Undead            Necr           0%         3d6       100%        4
 Leda's Liquefaction      Alch/Erth      0%         N/A       100%        4
 Manifold Assault         Tloc           0%         N/A       100%        4
 Olgreb's Toxic Radiance  Alch           0%         N/A       100%        4
 Summon Ice Beast         Ice/Summ       0%         N/A       100%        4
 Vhi's Electric Charge    Tloc/Air       0%         N/A       100%        4
 Arcjolt                  Conj/Air       1%         1d11      100%        5
 Borgnjor's Vile Clutch   Necr/Erth      0%         N/A       100%        5
 Fireball                 Conj/Fire      1%         3d3       100%        5
 Freezing Cloud           Conj/Ice/Air   0%         6-21      100%        5
 Metabolic Englaciation   Hex/Ice        0%         N/A       100%        5
 Silence                  Hex/Air        0%         N/A       100%        5
 Summon Mana Viper        Hex/Summ       0%         N/A       100%        5
 Bombard                  Conj/Erth      1%         9d1       100%        6
 Conjure Ball Lightning   Conj/Air       1%         3x3d6     100%        6
 Dispersal                Tloc           0%         N/A       100%        6
 Plasma Beam              Fire/Air       0%         2x1d10    100%        6
 Simulacrum               Ice/Necr       0%         N/A       100%        6
 Starburst                Conj/Fire      1%         6d3       100%        6
 Malign Gateway           Summ/Tloc      0%         N/A       100%        7
 Orb of Destruction       Conj           2%         9d5       100%        7
 Ozocubu's Refrigeration  Ice            0%         4d7       100%        7
 Spellforged Servitor     Conj/Summ      1%         N/A       100%        7
 Summon Hydra             Summ           0%         N/A       100%        7
 Discord                  Hex            0%         N/A       100%        8
 Disjunction              Tloc           0%         N/A       100%        8
 Summon Horrible Things   Summ           0%         N/A       100%        8
 Fire Storm               Conj/Fire      1%         7d1       100%        9
 Polar Vortex             Ice            0%         N/A       100%        9


Dungeon Overview and Level Annotations

Branches:
Dungeon (15/15)            Temple (0/1) D:6            Lair (5/5) D:11
 Shoals (4/4) Lair:2        Snake (4/4) Lair:2        Slime (5/5) Lair:4
    Orc (2/2) D:10            Elf (3/3) Orc:2        Vaults (5/5) D:13
  Crypt (1/3) Vaults:3     Depths (4/4) D:15           Hell (visited)
    Zot (5/5) Depths:4     Bailey (visited)           IceCv (visited)
    Dis: Hell:1         Geh: Hell:1         Coc: Hell:1         Tar: Hell:1

Altars:
Elyvilon
Gozag
Kikubaaqudgha
Qazlal
Sif Muna
Trog
Uskayaw
Vehumet
Yredelemnul
Jiyva

Shops:
D:9 :   D:11 [   D:12 [   Orc:2 (:?!   Elf:1 *   Shoals:2 (   Snake:1 :=:
Snake:2 =   Snake:4 *   Vaults:1 *?   Vaults:2 **   Vaults:3 (   Depths:2 [=

Portals:
Hell: Depths:1 Depths:2 Depths:3 Depths:4
Abyss: Depths:2 Depths:3
Pandemonium: Depths:2
Ziggurat: Depths:2

Annotations:
Slime:5 Royal Jelly
Vaults:3 2 transporters


Innate Abilities, Weirdness & Mutations

You have a pair of horns on your head.
You reflexively headbutt those who attack you in melee.
You are partially covered in iridescent scales. (AC +2)
Your flesh is almost immune to the effects of cold. (rC+++)
You are frail. (-10% HP)
Armour fits poorly on your massive pseudopods.
You have a small jelly attached to you that senses nearby items.
Your spells are easier to cast, but less powerful.


Message History

The rock shatters into small pieces.
There is a stone staircase leading up here.
You climb upwards.
There is a stone staircase leading down here.
Unknown command.
An Orb Guardian comes into view.
You block the Orb Guardian's attack.
You beat the Orb Guardian like a drum!!!
Your headbutt misses the Orb Guardian. You bludgeon the Orb Guardian!!
The Orb Guardian is severely wounded.
You block the Orb Guardian's attack.
You puncture the Orb Guardian!
The Orb Guardian is almost dead.
You block the Orb Guardian's attack.
Unknown command.
You spit the Orb Guardian like a pig!!!
You kill the Orb Guardian!
Aiming: Dig
Press: ? - help, Shift-Dir - straight line A rock wall.
This square is covered in magical glow.
The rock shatters into small pieces.
A hell beast comes into view.
The hell beast gurgles horribly!
You see here a +1 dagger of speed.
The hell beast barely misses you.
The hell beast tramples you but does no damage.
You block the hell beast's attack. x3; The hell beast completely misses you.
You closely miss the hell beast. You headbutt the hell beast.
You bludgeon the hell beast!!
The hell beast is moderately wounded.
The hell beast completely misses you. You block the hell beast's attack.
You bludgeon the hell beast!! You headbutt the hell beast!
You bludgeon the hell beast!!
The hell beast is almost dead.
You block the hell beast's attack. x2
You closely miss the hell beast. You bludgeon the hell beast!
You kill the hell beast!
There is a staircase leading out of the dungeon here.
You have escaped!

######.###........#
.....#............#####
......................#
..........(.......###.#
....................#.####
.............)#####......#
.............#.....#..##.#
............#.......#..#^#
...........#....@....#...#
............#.......#....#
.....##......#.....#....##
##########....#####..####
##.........## ###########


There were no monsters in sight!

Vanquished Creatures
  A dread lich (Vaults:5)
  4 orbs of fire
  5 ancient liches
  A juggernaut (Depths:3)
  Boris (twice) (Vaults:5 Depths:2)
  Bai Suzhen (Shoals:4)
  2 curse toes
  6 caustic shrikes (Depths:4)
  3 Killer Klowns
  Nikola (Shoals:4)
  Geryon (Hell)
  2 profane servitors
  Jory (Vaults:4)
  15 golden dragons
  Norris (Depths:1)
  3 bone dragons
  A Brimstone Fiend (D:7)
  17 tentacled monstrosities
  3 electric golems
  Zenata (Orc:2)
  27 Orb Guardians
  Mlioglotl (Snake:3)
  2 titans
  A lich (Vaults:5)
  8 sphinxes
  4 quicksilver dragons
  2 deep elf master archers (Elf:3)
  A deep elf blademaster (Elf:2)
  3 tentacled starspawn (Abyss:2)
  Agnes (Elf:2)
  2 Executioners
  9 death cobs
  Murray (Depths:1)
  9 shadow dragons
  The ghost of Cahom the Warrior, an adept MiBe of Trog (Shoals:3)
  Polyphemus (Shoals:3)
  Gastronok (D:11)
  7 tengu reavers
  16 storm dragons
  The ghost of Xuar the Eclecticist, an adept DjHW of Makhleb (Snake:2)
  3 nagarajas
  3 protean progenitors
  9 fire giants
  10 frost giants
  6 draconian shifters
  8 draconian knights
  7 deep elf sorcerers
  9 draconian monks
  9 draconian scorchers
  An iron dragon (Depths:1)
  A juggernaut zombie (Hell)
  4 deep elf elementalists
  A ghost moth (Zot:5)
  3 orc warlords
  2 draconian stormcallers (Zot:2)
  2 draconian annihilators (Zot:3)
  A curse skull (Depths:3)
  16 vault wardens
  19 ironbound preservers
  7 ironbound thunderhulks
  13 stone giants
  3 reapers
  5 spriggan defenders
  5 war gargoyles
  4 broodmothers
  12 very ugly things
  16 yellow draconians
  5 vampire knights
  A demonspawn black sun (D:11)
  7 deep elf death magi
  2 lorocyprocas
  The ghost of Nyony the Fighter, a journeyman TrSh of Gozag (Lair:1)
  7 deep elf demonologists
  5 green draconians
  8 black draconians
  A spark wasp (Depths:3)
  6 red draconians
  20 dire elephants
  3 deep elf annihilators (Elf:3)
  12 white draconians
  10 purple draconians
  2 green deaths
  2 blizzard demons
  8 fire dragons
  Snorg (D:13)
  4 merfolk javelineers
  3 crystal guardians
  4 deep elf high priests (Elf:3)
  14 ettins
  A jiangshi (Crypt:1)
  16 merfolk impalers
  3 entropy weavers
  14 yaktaur captains
  A hell beast (D:1)
  A sphinx zombie (Vaults:5)
  35 vault guards
  2 salamander tyrants (Snake:4)
  6 hydras
  4 ogre magi
  3 catoblepae
  2 alligator snapping turtles
  5 rakshasas
  5 merfolk aquamancers
  5 peacekeepers
  2 spriggan air magi
  6 ice dragons
  9 ironbound frosthearts
  12 anacondas
  8 tengu warriors
  A merfolk avatar (Shoals:2)
  15 centaur warriors
  9 boulder beetles
  26 dancing weapons
  16 naga warriors
  3 satyrs
  13 death yaks
  5 two-headed ogres
  A vampire mage (Depths:4)
  12 deep troll shamans
  10 hell hogs
  A demonic crawler (Depths:3)
  2 orc high priests (Orc:2)
  9 deep troll earth magi
  2 spriggan berserkers
  An occultist (D:14)
  5 soul eaters
  9 shock serpents
  25 hell knights
  2 storm dragon zombies
  15 naga sharpshooters
  6 sun demons
  2 thrashing horrors
  15 deep elf knights
  14 iron trolls
  2 wretched stars
  A sixfirhy (D:7)
  An anaconda zombie (Hell)
  A spatial maelstrom (Abyss:3)
  5 skeletal warriors
  2 salamander mystics (Depths:4)
  15 sea snakes
  6 skysharks
  3 shadow demons
  70 deep trolls
  11 deep elf archers
  7 naga ritualists
  An elf zombie (Vaults:4)
  7 arcanists
  6 orc knights
  2 shadow dragon zombies
  19 harpies
  2 tengu zombies
  22 deep elf zephyrmancers
  15 ironbound convokers
  2 lindwurms (Vaults:2)
  15 necromancers
  27 deep elf pyromancers
  7 phantasmal warriors
  15 salamanders
  A stone giant zombie (Hell)
  3 frost giant zombies
  6 mana vipers
  3 orc sorcerers
  10 manticores
  A moth of wrath (shapeshifter) (Vaults:2)
  27 ugly things
  9 cyclopes
  A manticore (shapeshifter) (Vaults:5)
  17 fauns
  6 elephants (Lair:5)
  2 tengu skeletons
  21 moths of wrath
  A kobold blastminer (Orc:1)
  2 fire giant skeletons
  A guardian serpent (shapeshifter) (D:14)
  9 guardian serpents
  6 rust devils
  A torpor snail (Lair:3)
  A water nymph (shapeshifter) (Vaults:2)
  3 water nymphs
  37 black mambas
  2 gargoyles (D:13)
  17 vault sentinels
  2 large abominations (Abyss:2)
  19 naga magi
  3 molten gargoyles (Depths:1)
  6 smoke demons
  8 merfolk sirens
  An orange demon (Abyss:3)
  An unseen horror (D:11)
  10 cane toads
  A storm dragon simulacrum (Vaults:5)
  An ice statue (IceCv)
  13 rime drakes
  A hellion (D:11)
  7 komodo dragons
  2 kobold demonologists
  31 yaktaurs
  3 anaconda simulacra
  2 efreet
  8 freezing wraiths
  3 tengu conjurers
  11 ice devils (IceCv)
  2 human skeletons
  2 ancient zymes
  A queen bee (Lair:1)
  11 trolls
  36 merfolk
  A merfolk (shapeshifter) (Depths:2)
  A spectral harpy (Shoals:3)
  A meliai (shapeshifter) (D:13)
  3 hornets
  A sea snake skeleton (Hell)
  8 polar bears
  6 wind drakes
  A spectral manticore (Shoals:3)
  26 blink frogs
  3 ettin zombies
  14 snapping turtles
  2 spectral merfolk (Shoals:3)
  2 spriggan zombies (Hell)
  3 spriggans
  5 slime creatures
  2 shadows
  11 basilisks
  14 water elementals
  15 wyverns
  7 wraiths
  42 yaks
  3 vampires (D:12)
  3 fire bats (Abyss:2)
  3 fire elementals
  A human (Vaults:2)
  2 steam dragons
  4 redbacks
  2 vampire mosquitoes (D:12)
  2 wargs
  5 death yak simulacra (IceCv)
  A glowing shapeshifter zombie (Hell)
  A chaos spawn (D:6)
  6 harpy simulacra
  30 nagas
  A naga skeleton (Abyss:3)
  An acid dragon (Zot:2)
  15 water moccasins
  A hell hound (D:14)
  22 orc warriors
  5 sky beasts
  3 black bears
  An ice beast (Vaults:1)
  4 human zombies
  A small abomination (Abyss:3)
  A satyr simulacrum (Shoals:3)
  17 wolves
  3 boggarts (Vaults:2)
  12 centaurs
  9 ogres
  5 kobold brigands
  2 gnoll sergeants
  2 scorpions
  20 bullfrogs
  4 earth elementals
  2 cane toad simulacra (IceCv)
  A two-headed ogre simulacrum (IceCv)
  13 wights
  A hornet simulacrum (D:15)
  3 elephant simulacra (IceCv)
  A merfolk simulacrum (Shoals:3)
  A human simulacrum (Vaults:4)
  28 killer bees
  2 manticore simulacra (Shoals:3)
  4 electric eels
  7 howler monkeys
  4 hounds
  22 orc priests
  3 gnoll boudas
  An iguana (D:6)
  22 orc wizards
  8 hell rats
  A spriggan simulacrum (IceCv)
  6 polar bear simulacra (IceCv)
  A troll simulacrum (IceCv)
  4 wolf simulacra (IceCv)
  29 gnolls
  8 adders
  A naga simulacrum (IceCv)
  2 shadow imps
  7 white imps
  3 ufetubi
  A worm (D:3)
  2 dart slugs
  68 orcs
  3 ball pythons (D:1)
  2 bats
  6 endoplasms
  A giant cockroach (D:3)
  10 goblins
  10 hobgoblins
  6 jackals
  28 kobolds
  5 quokkas
  A frilled lizard (D:1)
  4 rats
2161 creatures vanquished.

Vanquished Creatures (collateral kills)
  A curse toe (Zot:5)
  A frost giant (Vaults:5)
  A deep elf demonologist (Vaults:5)
3 creatures vanquished.

Vanquished Creatures (others)
  2 ironbound preservers
  3 formless jellyfish
  An ironbound thunderhulk (Vaults:1)
  6 great orbs of eyes
  3 yaktaur captains (Vaults:4)
  An ice dragon (Shoals:3)
  An ice dragon (shapeshifter) (Vaults:5)
  An ironbound frostheart (Vaults:2)
  A dancing weapon (Elf:2)
  A boulder beetle (Vaults:1)
  A deep elf knight (D:14)
  A skyshark (shapeshifter) (Vaults:5)
  4 deep trolls
  A glowing orange brain (Depths:3)
  An arcanist (Vaults:4)
  An ironbound convoker (Vaults:1)
  A harpy (shapeshifter) (D:15)
  A lindwurm (shapeshifter) (Depths:3)
  A deep elf zephyrmancer (Elf:3)
  A salamander (Snake:4)
  An orc sorcerer (Orc:2)
  A moth of wrath (shapeshifter) (Vaults:5)
  A water nymph (Shoals:1)
  A vault sentinel (Vaults:4)
  An eye of devastation (shapeshifter) (Vaults:5)
  An elephant (shapeshifter) (Vaults:5)
  A tormentor (Zot:5)
  3 yaktaurs (Vaults:4)
  3 glass eyes
  A polar bear (shapeshifter) (Vaults:5)
  A blink frog (shapeshifter) (D:15)
  A tarantella (shapeshifter) (Vaults:5)
  16 slime creatures
  A warg (Vaults:5)
  A redback (shapeshifter) (Depths:3)
  2 nagas
  An orc warrior (Vaults:5)
  251 jellies
  3 orc priests (Orc:2)
  7 orc wizards (Orc:2)
  5 orcs (Orc:2)
  3 training dummies (Shoals:2)
  10 starspawn tentacles (Abyss:2)
349 creatures vanquished.

Grand Total: 2513 creatures vanquished

Notes
Turn   | Place    | Note
-------+----------+-------------------------------------------
     0 | D:1      | dialectric the Minotaur Fighter began the quest for the
                  | Orb.
     0 | D:1      | Reached XP level 1. HP: 19/19 MP: 0/0
    40 | D:1      | Reached XP level 2. HP: 25/27 MP: 1/1
   170 | D:1      | Reached skill level 1 in Dodging
   278 | D:1      | Reached XP level 3. HP: 29/33 MP: 2/2
  1137 | D:3      | Reached XP level 4. HP: 39/40 MP: 3/3
  1452 | D:3      | Got the Parchment of the Conflagrant Chill
  1965 | D:4      | Reached XP level 5. HP: 45/47 MP: 4/4
  2063 | D:4      | Reached skill level 5 in Fighting
  2063 | D:4      | Reached skill level 5 in Armour
  2413 | D:4      | Reached XP level 6. HP: 41/56 MP: 5/5
  2700 | D:4      | Reached skill level 5 in Maces & Flails
  2706 | D:4      | Identified the +0 ring mail of Mordant Creativity {+Inv
                  | rElec rN+ Str+3 Int-5}
  2944 | D:5      | Entered Level 5 of the Dungeon
  3201 | D:5      | You fall into a shaft and drop 1 floor!
  3238 | D:6      | Reached XP level 7. HP: 63/63 MP: 6/6
  4342 | D:6      | Reached XP level 8. HP: 69/73 MP: 7/7
  5165 | D:7      | Found a hide-covered altar of Uskayaw.
  5165 | D:7      | Found an opulent altar of Gozag.
  5479 | D:8      | Reached XP level 9. HP: 82/82 MP: 8/8
  5823 | D:8      | Noticed a centaur warrior
  6078 | D:8      | Identified the +0 robe of Lugonu's Castigation {Str+4}
  6107 | D:8      | Reached skill level 10 in Fighting
  6382 | D:8      | Reached skill level 10 in Armour
  7142 | D:9      | Reached skill level 10 in Maces & Flails
  7157 | D:9      | Reached XP level 10. HP: 71/93 MP: 9/9
  7254 | D:9      | Found Hysuurr's Book Emporium.
  7351 | D:9      | Noticed a two-headed ogre
  7361 | D:9      | Killed a two-headed ogre
  7864 | D:9      | Noticed a two-headed ogre
  7873 | D:9      | Killed a two-headed ogre
  7955 | D:10     | Entered Level 10 of the Dungeon
  8008 | D:10     | Found a stormy altar of Qazlal.
  8254 | D:10     | Found a flagged portal.
  8312 | Bailey   | Entered a bailey
  8325 | Bailey   | Noticed an orc warlord
  8481 | Bailey   | Found a runed translucent gate.
  8481 | Bailey   | Found a runed translucent gate.
  8499 | Bailey   | Found a runed translucent gate.
  8917 | D:10     | Found a shimmering blue altar of Sif Muna.
  9098 | D:10     | Identified the ring "Tiafim" {Fly rC+++ Slay+4 Stlth-}
  9153 | D:10     | Found a radiant altar of Vehumet.
  9378 | D:10     | Found a staircase to the Orcish Mines.
  9393 | D:10     | Reached XP level 11. HP: 102/102 MP: 10/10
  9715 | D:11     | Found a staircase to the Lair.
  9814 | D:11     | Found Xunitomi's Armour Shop.
 10064 | D:11     | Noticed Gastronok
 10081 | D:11     | Killed Gastronok
 10092 | D:11     | Acquired 932 gold pieces
 10137 | D:11     | Bought the +2 fire dragon scales of the Ego {rElec rF++ rC-
                  | rCorr} for 1075 gold pieces
 10150 | D:11     | Noticed a boulder beetle
 10173 | D:11     | Killed a boulder beetle
 10576 | D:12     | Noticed a brown ugly thing
 10585 | D:12     | Killed a brown ugly thing
 10597 | D:12     | Noticed a deep elf pyromancer
 10602 | D:12     | Killed a deep elf pyromancer
 10735 | D:12     | Noticed a boulder beetle
 10763 | D:12     | Killed a boulder beetle
 10910 | D:12     | Noticed an ogre mage
 10925 | D:12     | Reached skill level 15 in Armour
 10934 | D:12     | Reached XP level 12. HP: 87/110 MP: 11/11
 10945 | D:12     | Killed an ogre mage
 11069 | D:12     | Reached skill level 15 in Maces & Flails
 11117 | D:12     | Noticed a boulder beetle
 11119 | D:12     | Noticed a two-headed ogre
 11126 | D:12     | Killed a two-headed ogre
 11197 | D:12     | Killed a boulder beetle
 11342 | D:12     | Got Viziguism's Grimoire of Dislocated Gases
 11532 | D:12     | Identified the +0 leather armour of Minor Irritation {rN+}
 11752 | D:12     | Noticed a two-headed ogre
 11758 | D:12     | Killed a two-headed ogre
 11762 | D:12     | Found Egun's Antique Armour Shop.
 11798 | D:12     | Bought an embroidered cloak for 270 gold pieces
 12454 | D:13     | Noticed a centaur warrior
 12454 | D:13     | Noticed a two-headed ogre
 12484 | D:12     | Killed a centaur warrior
 12499 | D:12     | Killed a two-headed ogre
 12614 | D:13     | Noticed Snorg
 12623 | D:13     | Killed Snorg
 12657 | D:13     | Noticed a vault guard
 12658 | D:13     | Noticed a vault guard
 12659 | D:13     | Found a gate to the Vaults.
 12659 | D:13     | Noticed a vault guard
 12659 | D:13     | Noticed a vault guard
 12659 | D:13     | Noticed a vault guard
 12659 | D:13     | Noticed a vault guard
 12659 | D:13     | Noticed a vault guard
 12660 | D:13     | Noticed a vault guard
 12673 | D:13     | Killed a vault guard
 12707 | D:12     | Killed a vault guard
 13030 | D:11     | Reached XP level 13. HP: 97/116 MP: 12/12
 13279 | D:11     | Identified the +2 spear of Geapp {pain, rC- rN++ Int+5}
 13881 | Lair:1   | Entered Level 1 of the Lair of Beasts
 13943 | Lair:1   | Found a runed translucent gate.
 13944 | Lair:1   | Found a runed translucent gate.
 13980 | Lair:1   | Noticed Nyony's ghost (journeyman TrSh)
 13981 | Lair:1   | Found a runed translucent gate.
 14199 | Lair:1   | Found a frozen archway.
 14226 | IceCv    | Entered an ice cave
 14397 | IceCv    | Found an ancient bone altar of Kikubaaqudgha.
 14818 | IceCv    | Got Dik Qut's Anthology of Vile Refrigeration
 16314 | Lair:1   | Killed Nyony's ghost
 16503 | Lair:2   | Found a staircase to the Shoals.
 16854 | Lair:2   | Found a staircase to the Snake Pit.
 17108 | Lair:2   | Reached XP level 14. HP: 129/129 MP: 13/13
 18020 | Lair:3   | Identified the +11 short sword of Skirmishing {heavy, rN+}
 18974 | Lair:4   | Found a staircase to the Slime Pits.
 18975 | Lair:4   | Found a viscous altar of Jiyva.
 18983 | Slime:1  | Entered Level 1 of the Pits of Slime
 19264 | Lair:4   | Became a worshipper of Jiyva Jisock the Shapeless
 19391 | Orc:1    | Entered Level 1 of the Orcish Mines
 19498 | Orc:2    | Entered Level 2 of the Orcish Mines
 19682 | Orc:2    | Reached * piety under Jiyva
 19712 | Orc:2    | Found a staircase to the Elven Halls.
 20264 | Orc:2    | Found Olanabi's Magic Scroll Boutique.
 20264 | Orc:2    | Found Uhyitinu's Weapon Shop.
 20265 | Orc:2    | Found Hoghetzi's Book Shop.
 20269 | Orc:2    | Found Ulirgh's Distillery.
 20273 | Orc:2    | Bought a potion of curing for 39 gold pieces
 20296 | Orc:2    | Bought a scroll of teleportation for 45 gold pieces
 20296 | Orc:2    | Bought a scroll of teleportation for 45 gold pieces
 20448 | Elf:1    | Entered Level 1 of the Elven Halls
 20532 | D:10     | Gained mutation: Your body sometimes deteriorates upon
                  | taking damage. [potion of mutation]
 20532 | D:10     | Gained mutation: You occasionally shout uncontrollably at
                  | your foes. [potion of mutation]
 20532 | D:10     | Gained mutation: You are somewhat resistant to further
                  | mutation. [potion of mutation]
 20823 | D:13     | Reached ** piety under Jiyva
 20873 | D:13     | Identified the +2 robe of Docle {Harm Rampage rC- Str-2}
 21179 | D:14     | Reached skill level 15 in Fighting
 21539 | D:14     | Reached XP level 15. HP: 137/141 MP: 14/14
 21777 | D:15     | Entered Level 15 of the Dungeon
 22160 | Shoals:1 | Entered Level 1 of the Shoals
 22185 | Shoals:1 | Reached *** piety under Jiyva
 22199 | Shoals:1 | Found a flickering gateway to a bazaar.
 22214 | Bazaar   | Entered a bazaar
 22228 | Bazaar   | Found Kedidwio's Weapon Shoppe.
 22228 | Bazaar   | Found Ygemirph's Armour Emporium.
 22249 | Bazaar   | Found Buafipn's Book Shoppe.
 22265 | Bazaar   | Found Keronov's Jewellery Shoppe.
 22306 | Bazaar   | Bought the amulet of Reimbursement {Regen+ Str+6 Dex+3} for
                  | 559 gold pieces
 23234 | Shoals:2 | Lost mutation: Your body sometimes deteriorates upon taking
                  | damage. [potion of mutation]
 23234 | Shoals:2 | Lost mutation: You occasionally shout uncontrollably at
                  | your foes. [potion of mutation]
 23234 | Shoals:2 | Lost mutation: You are somewhat resistant to further
                  | mutation. [potion of mutation]
 23234 | Shoals:2 | Gained mutation: You possess an exceptional clarity of
                  | mind. [potion of mutation]
 23234 | Shoals:2 | Gained mutation: You are partially covered in iridescent
                  | scales. (AC +2) [potion of mutation]
 23343 | Shoals:2 | Gained mutation: You have very sharp teeth. [Jiyva's grace]
 23343 | Shoals:2 | Gained mutation: You have extremely sharp teeth. [Jiyva's
                  | grace]
 23343 | Shoals:2 | Gained mutation: You have razor-sharp teeth. [Jiyva's
                  | grace]
 23343 | Shoals:2 | Gained mutation: You are robust. (+10% HP) [Jiyva's grace]
 23390 | Shoals:2 | Reached **** piety under Jiyva
 23489 | Shoals:2 | Found Mushot's Firing Range.
 24024 | Lair:5   | Entered Level 5 of the Lair of Beasts
 24233 | Lair:5   | Reached ***** piety under Jiyva
 24423 | Lair:5   | Reached XP level 16. HP: 170/170 MP: 15/15
 24589 | Lair:5   | Lost mutation: You have razor-sharp teeth. [Jiyva's grace]
 24589 | Lair:5   | Lost mutation: You are partially covered in iridescent
                  | scales. (AC +2) [Jiyva's grace]
 24589 | Lair:5   | Gained mutation: You are somewhat resistant to further
                  | mutation. [Jiyva's grace]
 24589 | Lair:5   | Gained mutation: You are somewhat resistant to both further
                  | mutation and mutation removal. [Jiyva's grace]
 24589 | Lair:5   | Gained mutation: You are almost entirely resistant to
                  | further mutation and mutation removal. [Jiyva's grace]
 24589 | Lair:5   | Gained mutation: You are covered in fur. (AC +1) [Jiyva's
                  | grace]
 25156 | Snake:1  | Entered Level 1 of the Snake Pit
 25602 | Elf:1    | Identified the +2 cloak "Jiuh Xej" {rCorr Int+6 Dex-4}
 25607 | Elf:1    | Found Hekafitt's General Store.
 25828 | Elf:1    | Got Iminap's Book of Confrontation
 26002 | Elf:1    | Noticed Zenata
 26067 | Orc:2    | Killed Zenata
 26239 | D:15     | Reached ****** piety under Jiyva
 26263 | D:15     | Found a staircase to the Depths.
 26401 | D:15     | Found a white marble altar of Elyvilon.
 26436 | D:15     | Lost mutation: You are almost entirely resistant to further
                  | mutation and mutation removal. [Jiyva's grace]
 26436 | D:15     | Lost mutation: You are robust. (+10% HP) [Jiyva's grace]
 26436 | D:15     | Gained mutation: Your spells are a little harder to cast,
                  | but a little more powerful. [Jiyva's grace]
 26436 | D:15     | Gained mutation: Your spells are harder to cast, but more
                  | powerful. [Jiyva's grace]
 26436 | D:15     | Gained mutation: Your spells are much harder to cast, but
                  | much more powerful. [Jiyva's grace]
 26436 | D:15     | Gained mutation: You have a somewhat thin skeletal
                  | structure. (Dex +2, Stealth+) [Jiyva's grace]
 26720 | Slime:2  | Noticed an acid blob
 26735 | Slime:4  | Noticed an acid blob
 26740 | Slime:4  | Noticed an acid blob
 26745 | Slime:5  | Entered Level 5 of the Pits of Slime
 26745 | Slime:5  | Noticed an acid blob
 26746 | Slime:5  | Found a viscous altar of Jiyva.
 26758 | Slime:5  | Identified the +1 cloak "Sangucih" {rElec rPois rC+}
 26785 | Slime:5  | Got a slimy rune of Zot
 26794 | Slime:5  | Got a starry gem with 1407 turns to spare
 26805 | Slime:5  | Noticed an acid blob
 26806 | Slime:5  | Noticed an acid blob
 26809 | Slime:5  | Identified the +2 ring mail of the Devil {rF+ rCorr Int-2}
 26815 | Slime:5  | Noticed the Royal Jelly
 26815 | Slime:5  | Noticed an acid blob
 26822 | Slime:5  | Identified the staff "Pibyoz" {rPois SInv Necro Alchemy}
 26822 | Slime:5  | Noticed an acid blob
 26827 | Slime:5  | Noticed an acid blob
 26833 | Slime:5  | Identified the ring of Fanaticism {Fly Dex+4 Stlth+}
 26834 | Slime:5  | Identified the +1 short sword of Xajososu {heavy, Str+2
                  | SInv}
 26836 | Slime:5  | Got the Elucidation of Earthen Malisons
 26840 | Slime:5  | Got Sif Muna's Dissertation on Sidekicks
 26882 | Slime:4  | Noticed an acid blob
 26895 | Slime:3  | Noticed an acid blob
 26919 | Slime:1  | Noticed an acid blob
 27233 | Shoals:3 | Noticed Polyphemus
 27254 | Shoals:3 | Killed Polyphemus
 27313 | Shoals:3 | Identified the +4 animal skin of Pride {Harm rElec rC+++
                  | Stlth-}
 27422 | Shoals:3 | Found a runed translucent gate.
 27422 | Shoals:3 | Found a runed translucent gate.
 27422 | Shoals:3 | Found a runed translucent gate.
 27455 | Shoals:3 | Reached XP level 17. HP: 141/166 MP: 16/16
 28014 | Shoals:3 | Noticed Cahom's ghost (adept MiBe)
 28066 | Shoals:3 | Killed Cahom's ghost
 28137 | Shoals:4 | Entered Level 4 of the Shoals
 28446 | Shoals:4 | Noticed Nikola
 28452 | Shoals:4 | Noticed Bai Suzhen
 28456 | Shoals:4 | Killed Nikola
 28475 | Shoals:4 | Killed Bai Suzhen
 28596 | Shoals:4 | Gained mutation: Your muscles are strong. (Str +4, Int/Dex
                  | -1) [Jiyva's grace]
 28596 | Shoals:4 | Gained mutation: Your muscles are very strong. (Str +8,
                  | Int/Dex -2) [Jiyva's grace]
 28596 | Shoals:4 | Gained mutation: Your body has grown eyes which may confuse
                  | attackers. (Acc +3) [Jiyva's grace]
 28596 | Shoals:4 | Gained mutation: Your body has grown many eyes which may
                  | confuse attackers. (Acc +5) [Jiyva's grace]
 28846 | Shoals:4 | Got a barnacled rune of Zot
 29084 | Vaults:1 | Entered Level 1 of the Vaults
 29422 | Vaults:1 | Noticed a sphinx
 29435 | Vaults:1 | Killed a sphinx
 29593 | Vaults:1 | Reached XP level 18. HP: 180/180 MP: 17/17
 29622 | Vaults:1 | Found Keipal's Magic Scroll Shoppe.
 29630 | Vaults:1 | Bought a scroll of teleportation for 66 gold pieces
 29630 | Vaults:1 | Bought a scroll of blinking for 165 gold pieces
 29670 | Vaults:1 | Found a magical portal.
 29761 | Vaults:1 | Found a portal to a secret trove of treasure.
 30007 | Vaults:1 | Found Poxkuep's Assorted Antiques.
 30031 | Vaults:1 | Bought a potion of heal wounds for 125 gold pieces
 31045 | Snake:1  | Identified the +1 leather armour of Defence {rC- rN+ Will+
                  | Str+6}
 31294 | Snake:1  | Found Veenafyo's Book Shop.
 31294 | Snake:1  | Found Seliahexka's Jewellery Shoppe.
 31295 | Snake:1  | Found Luempem's Book Shop.
 31451 | Snake:1  | Learned a level 5 spell: Iskenderun's Battlesphere
 31565 | Snake:2  | Lost mutation: You have a somewhat thin skeletal structure.
                  | (Dex +2, Stealth+) [Jiyva's grace]
 31565 | Snake:2  | Lost mutation: Your spells are much harder to cast, but
                  | much more powerful. [Jiyva's grace]
 31565 | Snake:2  | Lost mutation: Your spells are harder to cast, but more
                  | powerful. [Jiyva's grace]
 31565 | Snake:2  | Gained mutation: Armour fits poorly on your pseudopods.
                  | [Jiyva's grace]
 31565 | Snake:2  | Gained mutation: Armour fits poorly on your large
                  | pseudopods. [Jiyva's grace]
 31565 | Snake:2  | Gained mutation: Armour fits poorly on your massive
                  | pseudopods. [Jiyva's grace]
 31565 | Snake:2  | Gained mutation: You have a small jelly attached to you
                  | that senses nearby items. [Jiyva's grace]
 31628 | Snake:2  | Identified the +2 robe of the Evening Star {Harm Str-4
                  | Archmagi}
 31715 | Snake:2  | Noticed Xuar's ghost (adept DjHW)
 31725 | Snake:2  | Found a runed translucent gate.
 31725 | Snake:2  | Found a runed translucent gate.
 31727 | Snake:2  | Found Mewosch's One-of-a-Kind Rings.
 31902 | Snake:2  | Found a runed translucent gate.
 32072 | Snake:2  | Killed Xuar's ghost
 32411 | Snake:3  | Noticed Mlioglotl
 32415 | Snake:3  | Killed Mlioglotl
 32531 | Snake:3  | Lost mutation: You are somewhat resistant to both further
                  | mutation and mutation removal. [Jiyva's grace]
 32531 | Snake:3  | Lost mutation: Your spells are a little harder to cast, but
                  | a little more powerful. [Jiyva's grace]
 32531 | Snake:3  | Lost mutation: Your body has grown many eyes which may
                  | confuse attackers. (Acc +5) [Jiyva's grace]
 32531 | Snake:3  | Lost mutation: Armour fits poorly on your massive
                  | pseudopods. [Jiyva's grace]
 32531 | Snake:3  | Gained mutation: Armour fits poorly on your massive
                  | pseudopods. [Jiyva's grace]
 32531 | Snake:3  | Gained mutation: You have large cloven feet. [Jiyva's
                  | grace]
 32531 | Snake:3  | Gained mutation: You have hoof-like feet. [Jiyva's grace]
 32531 | Snake:3  | Gained mutation: You have hooves in place of feet. [Jiyva's
                  | grace]
 33309 | Snake:4  | Entered Level 4 of the Snake Pit
 33328 | Snake:4  | Reached XP level 19. HP: 189/191 MP: 16/18
 33431 | Snake:4  | Found Nabuoral's Assorted Antiques.
 33575 | Snake:4  | Noticed Vashnia
 33752 | Snake:4  | Slimified Vashnia
 33752 | Snake:4  | Vashnia changed into Vashnia the acid blob
 33752 | Snake:4  | Noticed Vashnia
 33756 | Snake:4  | HP: 5/193 [salamander/+0 glaive (8)]
 34506 | Snake:4  | Reached skill level 5 in Dodging
 34532 | Snake:4  | Upgraded the game from 0.31-a0-1321-g5021b54cb2 to
                  | 0.31-a0-1338-gb567cfdca4
 34565 | Snake:4  | Reached skill level 5 in Shields
 34768 | Snake:4  | Got a serpentine rune of Zot
 35268 | Vaults:2 | Found Jimew's Assorted Antiques.
 35283 | Vaults:2 | Found a flickering gateway to a bazaar.
 35293 | Bazaar   | Entered a bazaar
 35294 | Bazaar   | Found Saese's General Store.
 35294 | Bazaar   | Found Kitulur's Jewellery Emporium.
 35295 | Bazaar   | Found Horup's Jewellery Shop.
 35326 | Bazaar   | Found Emaczayh's Book Boutique.
 35348 | Bazaar   | Bought the amulet "Uran" {RegenMP rF+ rN+++ Regen+ Dex-3}
                  | for 821 gold pieces
 35571 | Vaults:2 | Lost mutation: You possess an exceptional clarity of mind.
                  | [Jiyva's grace]
 35571 | Vaults:2 | Lost mutation: Armour fits poorly on your massive
                  | pseudopods. [Jiyva's grace]
 35571 | Vaults:2 | Lost mutation: You are somewhat resistant to further
                  | mutation. [Jiyva's grace]
 35571 | Vaults:2 | Gained mutation: You have hidden genetic potential.
                  | [Jiyva's grace]
 35571 | Vaults:2 | Gained mutation: You have great hidden genetic potential.
                  | [Jiyva's grace]
 35571 | Vaults:2 | Gained mutation: You are agile. (Dex +4, Str/Int -1)
                  | [Jiyva's grace]
 35571 | Vaults:2 | Gained mutation: You are very agile. (Dex +8, Str/Int -2)
                  | [Jiyva's grace]
 35852 | Vaults:2 | Found Aptioc's Book Emporium.
 35862 | Vaults:2 | Found Siobamic's Assorted Antiques.
 36406 | Vaults:3 | Reached XP level 20. HP: 198/204 MP: 19/19
 36687 | Vaults:3 | Found a transporter.
 36702 | Vaults:3 | Found a transporter.
 36907 | Vaults:3 | Found Sohu's Weapon Shop.
 37277 | Vaults:3 | Found a staircase to the Crypt.
 37277 | Vaults:3 | Found an ancient bone altar of Kikubaaqudgha.
 37278 | Vaults:3 | Found a basalt altar of Yredelemnul.
 37479 | Vaults:4 | Lost mutation: You have extremely sharp teeth. [Jiyva's
                  | grace]
 37479 | Vaults:4 | Lost mutation: You have hooves in place of feet. [Jiyva's
                  | grace]
 37479 | Vaults:4 | Lost mutation: You are very agile. (Dex +8, Str/Int -2)
                  | [Jiyva's grace]
 37479 | Vaults:4 | Lost mutation: Your body has grown eyes which may confuse
                  | attackers. (Acc +3) [Jiyva's grace]
 37479 | Vaults:4 | Lost mutation: You have great hidden genetic potential.
                  | [Jiyva's grace]
 37479 | Vaults:4 | Gained mutation: You are strong-willed. (Will+) [Jiyva's
                  | grace]
 37479 | Vaults:4 | Gained mutation: You are highly strong-willed. (Will++)
                  | [Jiyva's grace]
 37479 | Vaults:4 | Gained mutation: You are extremely strong-willed. (Will+++)
                  | [Jiyva's grace]
 37479 | Vaults:4 | Gained mutation: Your body has grown eyes which may confuse
                  | attackers. (Acc +3) [Jiyva's grace]
 37592 | Vaults:4 | Reached skill level 10 in Shields
 38029 | Vaults:4 | Noticed Jory
 38165 | Vaults:4 | Gained mutation: Your flesh is heat resistant. (rF+)
                  | [hidden potential]
 38169 | Vaults:4 | Killed Jory
 38754 | Vaults:4 | Lost mutation: You are extremely strong-willed. (Will+++)
                  | [Jiyva's grace]
 38754 | Vaults:4 | Lost mutation: You are highly strong-willed. (Will++)
                  | [Jiyva's grace]
 38754 | Vaults:4 | Lost mutation: Armour fits poorly on your large pseudopods.
                  | [Jiyva's grace]
 38754 | Vaults:4 | Lost mutation: You have a small jelly attached to you that
                  | senses nearby items. [Jiyva's grace]
 38754 | Vaults:4 | Gained mutation: Your flesh is very heat resistant. (rF++)
                  | [Jiyva's grace]
 38754 | Vaults:4 | Gained mutation: Your flesh is almost immune to the effects
                  | of heat. (rF+++) [Jiyva's grace]
 38754 | Vaults:4 | Gained mutation: Your rubbery body absorbs attacks. (AC +1,
                  | EV +1) [Jiyva's grace]
 38754 | Vaults:4 | Gained mutation: Your pliable body absorbs attacks. (AC +2,
                  | EV +2) [Jiyva's grace]
 38886 | Vaults:5 | Entered Level 5 of the Vaults
 39085 | Vaults:5 | Reached XP level 21. HP: 210/215 MP: 20/20
 39123 | Vaults:4 | Reached skill level 27 in Armour
 39171 | Vaults:5 | Noticed Boris
 39626 | Vaults:5 | Identified the +6 plate armour of the Farmer {Str+2 Int+3}
 39720 | Vaults:5 | Got a silver rune of Zot
 39785 | Vaults:5 | Noticed a dread lich
 39788 | Vaults:5 | Noticed a golden dragon
 39842 | Vaults:5 | Identified the amulet of Nobility {Acrobat Will+ Regen+
                  | Dex-4}
 39842 | Vaults:5 | Identified the +7 quarterstaff of the Peculiar Knives
                  | {heavy, *Rage rF+ Int+8}
 39842 | Vaults:5 | Identified the ring of Lami Suv {rPois rC+ Str+6}
 39905 | Vaults:5 | Killed Boris
 40048 | Vaults:5 | Gained mutation: You are very agile. (Dex +8, Str/Int -2)
                  | [hidden potential]
 40048 | Vaults:5 | Lost mutation: You have hidden genetic potential. [hidden
                  | potential expressed]
 40328 | Vaults:5 | Noticed an ancient lich
 40328 | Vaults:5 | Noticed a dread lich
 40335 | Vaults:5 | Noticed a golden dragon
 40338 | Vaults:5 | Killed an ancient lich
 40346 | Vaults:5 | Killed a dread lich
 40369 | Vaults:5 | Killed a golden dragon
 40556 | Depths:1 | Entered Level 1 of the Depths
 40611 | Depths:1 | Reached skill level 15 in Shields
 40833 | Depths:1 | Noticed Norris
 40847 | Depths:1 | Killed Norris
 41013 | Depths:1 | Found a gateway to Hell.
 41013 | Depths:1 | Lost mutation: You are strong-willed. (Will+) [Jiyva's
                  | grace]
 41013 | Depths:1 | Lost mutation: Your muscles are very strong. (Str +8,
                  | Int/Dex -2) [Jiyva's grace]
 41013 | Depths:1 | Lost mutation: Your muscles are strong. (Str +4, Int/Dex
                  | -1) [Jiyva's grace]
 41013 | Depths:1 | Lost mutation: Your pliable body absorbs attacks. (AC +2,
                  | EV +2) [Jiyva's grace]
 41013 | Depths:1 | Gained mutation: You are robust. (+10% HP) [Jiyva's grace]
 41013 | Depths:1 | Gained mutation: You are very robust. (+20% HP) [Jiyva's
                  | grace]
 41013 | Depths:1 | Gained mutation: You are extremely robust. (+30% HP)
                  | [Jiyva's grace]
 41013 | Depths:1 | Gained mutation: You have a small jelly attached to you
                  | that senses nearby items. [Jiyva's grace]
 41145 | Depths:1 | Identified the serpent talisman of Uriramuf {rC++ Int-2
                  | Dex+2 Slay+3}
 41348 | Depths:1 | Found a bloodstained altar of Trog.
 41447 | Depths:1 | Found a stormy altar of Qazlal.
 41640 | Depths:2 | Found Goriecog's Antique Armour Shoppe.
 41661 | Depths:2 | Found Zaxtuig's Jewellery Shoppe.
 41682 | Depths:2 | Reached XP level 22. HP: 282/296 MP: 21/21
 41700 | Depths:2 | Bought a pair of transparent boots for 313 gold pieces
 41700 | Depths:2 | Identified the +0 pair of boots of the Eternal Fruit {Will+
                  | Int+3} (You bought it in a shop on level 2 of the Depths)
 41746 | Depths:2 | Identified the +10 shortbow "Sioj" {freeze, rPois MP+9}
 41938 | Depths:2 | Noticed Boris
 41961 | Depths:2 | Killed Boris
 42046 | Depths:2 | Found a one-way gate to the infinite horrors of the Abyss.
 42065 | Depths:2 | Found a one-way gateway to a ziggurat.
 42231 | Depths:2 | Found a one-way gate leading to the halls of Pandemonium.
 42307 | Depths:2 | Lost mutation: You are very agile. (Dex +8, Str/Int -2)
                  | [Jiyva's grace]
 42307 | Depths:2 | Lost mutation: You are extremely robust. (+30% HP) [Jiyva's
                  | grace]
 42307 | Depths:2 | Lost mutation: You are very robust. (+20% HP) [Jiyva's
                  | grace]
 42307 | Depths:2 | Lost mutation: You are covered in fur. (AC +1) [Jiyva's
                  | grace]
 42307 | Depths:2 | Lost mutation: Your body has grown eyes which may confuse
                  | attackers. (Acc +3) [Jiyva's grace]
 42307 | Depths:2 | Lost mutation: You have a small jelly attached to you that
                  | senses nearby items. [Jiyva's grace]
 42307 | Depths:2 | Gained mutation: You are covered in slimy tendrils that may
                  | disarm your opponents. [Jiyva's grace]
 42307 | Depths:2 | Gained mutation: Your translucent skin slightly reduces
                  | your foes' accuracy. (Stealth+) [Jiyva's grace]
 42307 | Depths:2 | Gained mutation: Your translucent skin reduces your foes'
                  | accuracy. (Stealth+) [Jiyva's grace]
 42307 | Depths:2 | Gained mutation: Your transparent skin significantly
                  | reduces your foes' accuracy. (Stealth+) [Jiyva's grace]
 42617 | Depths:2 | Noticed a golden dragon
 42633 | Depths:2 | Killed a golden dragon
 42681 | Depths:2 | Identified the staff of Rebin {rPois rN+ Str+5 Necro}
 42808 | Hell     | Entered the Vestibule of Hell
 42808 | Hell     | Noticed Geryon
 43075 | Depths:3 | Identified the +0 robe "Ifeuremian" {Archmagi}
 43305 | Hell     | Noticed Murray
 43515 | Depths:3 | Noticed a juggernaut
 43530 | Depths:3 | Killed a juggernaut
 43621 | Depths:3 | Noticed a golden dragon
 43628 | Depths:3 | Killed a golden dragon
 43747 | Depths:3 | You fall into a shaft and drop 1 floor!
 43747 | Depths:4 | Entered Level 4 of the Depths
 43775 | Depths:4 | Reached skill level 27 in Fighting
 43793 | Depths:4 | Noticed a caustic shrike
 43801 | Depths:4 | Noticed a caustic shrike
 43805 | Depths:4 | Killed a caustic shrike
 43815 | Depths:4 | Killed a caustic shrike
 43962 | Depths:4 | Noticed a caustic shrike
 43966 | Depths:4 | Killed a caustic shrike
 44066 | Depths:4 | Got the Elucidation of the Frozen Evil Eye
 44070 | Depths:4 | Noticed a caustic shrike
 44083 | Depths:4 | Noticed a golden dragon
 44192 | Depths:4 | Reached XP level 23. HP: 264/264 MP: 22/22
 44329 | Depths:4 | Noticed a caustic shrike
 44339 | Depths:4 | Killed a caustic shrike
 44365 | Depths:4 | Noticed a caustic shrike
 44371 | Depths:4 | Killed a caustic shrike
 44374 | Depths:4 | Killed a caustic shrike
 44403 | Depths:4 | Found a gate to the Realm of Zot.
 44532 | Depths:4 | Identified the +1 scale mail of Wicked New Discoveries
                  | {Will+ Int+4 Dex+4}
 44541 | Depths:4 | Lost mutation: Your flesh is almost immune to the effects
                  | of heat. (rF+++) [Jiyva's grace]
 44541 | Depths:4 | Lost mutation: Your rubbery body absorbs attacks. (AC +1,
                  | EV +1) [Jiyva's grace]
 44541 | Depths:4 | Gained mutation: You are partially covered in iridescent
                  | scales. (AC +2) [Jiyva's grace]
 44541 | Depths:4 | Gained mutation: You are mostly covered in iridescent
                  | scales. (AC +4) [Jiyva's grace]
 44541 | Depths:4 | Gained mutation: You are completely covered in iridescent
                  | scales. (AC +6) [Jiyva's grace]
 44541 | Depths:4 | Gained mutation: You possess an exceptional clarity of
                  | mind. [Jiyva's grace]
 46607 | Elf:2    | Found a huge runed translucent gate.
 46607 | Elf:2    | Found a huge runed translucent gate.
 46607 | Elf:2    | Found a huge runed translucent gate.
 46613 | Elf:2    | Found a huge runed translucent gate.
 46613 | Elf:2    | Found a huge runed translucent gate.
 46716 | Elf:2    | Noticed Agnes
 46726 | Elf:2    | Killed Agnes
 46760 | Elf:2    | Reached skill level 27 in Maces & Flails
 46974 | Elf:2    | Identified the blade talisman "Zorucoj" {rC++ Int-2}
 47324 | Elf:3    | Entered Level 3 of the Elven Halls
 47522 | Elf:3    | Lost mutation: You possess an exceptional clarity of mind.
                  | [Jiyva's grace]
 47522 | Elf:3    | Lost mutation: Armour fits poorly on your pseudopods.
                  | [Jiyva's grace]
 47522 | Elf:3    | Lost mutation: Your transparent skin significantly reduces
                  | your foes' accuracy. (Stealth+) [Jiyva's grace]
 47522 | Elf:3    | Lost mutation: Your translucent skin reduces your foes'
                  | accuracy. (Stealth+) [Jiyva's grace]
 47522 | Elf:3    | Lost mutation: You have hoof-like feet. [Jiyva's grace]
 47522 | Elf:3    | Lost mutation: You have large cloven feet. [Jiyva's grace]
 47522 | Elf:3    | Gained mutation: You have sharp toenails. [Jiyva's grace]
 47522 | Elf:3    | Gained mutation: You have razor-sharp toenails. [Jiyva's
                  | grace]
 47522 | Elf:3    | Gained mutation: You have claws for feet. [Jiyva's grace]
 47522 | Elf:3    | Gained mutation: You have acidic saliva. [Jiyva's grace]
 47711 | Elf:3    | Identified the amulet of Baniemor {Faith Regen+}
 47736 | Abyss:2  | Cast into level 2 of the Abyss (a deep elf sorcerer)
 47772 | Abyss:2  | Found a corrupted altar of Lugonu.
 47776 | Abyss:2  | Found a corrupted altar of Lugonu.
 47812 | Abyss:2  | Found a corrupted altar of Lugonu.
 47826 | Abyss:2  | Reached skill level 10 in Dodging
 47917 | Elf:3    | Escaped the Abyss
 48120 | Orc:2    | Bought a scroll of blinking for 112 gold pieces
 48120 | Orc:2    | Bought a scroll of enchant weapon for 112 gold pieces
 48411 | Zot:1    | Entered Level 1 of the Realm of Zot
 48769 | Zot:1    | Lost mutation: You have claws for feet. [Jiyva's grace]
 48769 | Zot:1    | Gained mutation: You passively map a small area around you.
                  | [Jiyva's grace]
 48769 | Zot:1    | Gained mutation: You passively map the area around you.
                  | [Jiyva's grace]
 48769 | Zot:1    | Gained mutation: You passively map a large area around you.
                  | [Jiyva's grace]
 48769 | Zot:1    | Gained mutation: Your natural rate of healing is unusually
                  | fast. [Jiyva's grace]
 48772 | Zot:1    | Identified the ring of Innequss {rPois rC- AC+4 Int+3}
 48897 | Zot:2    | Reached XP level 24. HP: 264/273 MP: 7/22
 49818 | Zot:2    | Identified the +0 plate armour of the Unbroken {rCorr}
 50562 | Zot:5    | Entered Level 5 of the Realm of Zot
 50642 | Zot:4    | Noticed a Killer Klown
 50650 | Zot:4    | Killed a Killer Klown
 50706 | Zot:4    | Reached skill level 15 in Dodging
 50926 | Zot:5    | Reached XP level 25. HP: 107/282 MP: 7/22
 51027 | Zot:5    | Lost mutation: You passively map a large area around you.
                  | [Jiyva's grace]
 51027 | Zot:5    | Lost mutation: You passively map the area around you.
                  | [Jiyva's grace]
 51027 | Zot:5    | Lost mutation: You passively map a small area around you.
                  | [Jiyva's grace]
 51027 | Zot:5    | Lost mutation: You are covered in slimy tendrils that may
                  | disarm your opponents. [Jiyva's grace]
 51027 | Zot:5    | Gained mutation: You are covered in slimy tendrils that may
                  | disarm your opponents. [Jiyva's grace]
 51027 | Zot:5    | Gained mutation: Armour fits poorly on your pseudopods.
                  | [Jiyva's grace]
 51027 | Zot:5    | Gained mutation: Armour fits poorly on your large
                  | pseudopods. [Jiyva's grace]
 51027 | Zot:5    | Gained mutation: Armour fits poorly on your massive
                  | pseudopods. [Jiyva's grace]
 51533 | Zot:5    | Noticed an orb of fire
 51533 | Zot:5    | Lost mutation: You are agile. (Dex +4, Str/Int -1) [an orb
                  | of fire]
 51540 | Zot:5    | Gained mutation: You are weak. (Str -2) [an orb of fire]
 51542 | Zot:5    | Noticed a Killer Klown
 51546 | Zot:5    | Gained mutation: Your spells are a little easier to cast,
                  | but a little less powerful. [an orb of fire]
 51549 | Zot:5    | Noticed an ancient lich
 51552 | Zot:5    | Noticed an orb of fire
 51553 | Zot:5    | Lost mutation: You have acidic saliva. [an orb of fire]
 51618 | Zot:5    | Gained mutation: You are clumsy. (Dex -2) [an orb of fire]
 51629 | Zot:4    | Gained mutation: Your body sometimes deteriorates upon
                  | taking damage. [an orb of fire]
 51633 | Zot:4    | Gained mutation: You have hidden genetic defects. [an orb
                  | of fire]
 51635 | Zot:4    | Gained mutation: Your body often deteriorates upon taking
                  | damage. [an orb of fire]
 51637 | Zot:4    | Killed an orb of fire
 51655 | Zot:4    | Killed an orb of fire
 51670 | Zot:5    | Killed a Killer Klown
 51706 | Zot:5    | Killed an ancient lich
 51755 | Zot:5    | Gained mutation: You are very weak. (Str -4) [mutagenic
                  | glow]
 51765 | Zot:5    | Noticed an ancient lich
 51768 | Zot:5    | Gained mutation: You occasionally lose the ability to drink
                  | potions when taking damage. [mutagenic glow]
 51865 | Zot:5    | Killed an ancient lich
 51889 | Zot:5    | Noticed a Killer Klown
 51902 | Zot:5    | Killed a Killer Klown
 51940 | Zot:5    | Noticed an ancient lich
 51948 | Zot:5    | Killed an ancient lich
 51958 | Zot:5    | Noticed an ancient lich
 51961 | Zot:5    | Noticed an orb of fire
 51966 | Zot:5    | Gained mutation: You occasionally shout uncontrollably at
                  | your foes. [an orb of fire]
 51978 | Zot:5    | Killed an ancient lich
 51985 | Zot:5    | Noticed an orb of fire
 51985 | Zot:5    | Noticed a dread lich
 51986 | Zot:5    | Noticed an ancient lich
 51988 | Zot:5    | Paralysed by a dread lich for 2 turns
 51988 | Zot:5    | Noticed a dread lich
 52033 | Zot:5    | Killed an orb of fire
 52053 | Zot:5    | Gained mutation: Your magical capacity is low. (-10% MP)
                  | [hidden defects]
 52981 | Depths:1 | Killed Murray
 53121 | Depths:1 | Lost mutation: You are robust. (+10% HP) [potion of
                  | mutation]
 53121 | Depths:1 | Lost mutation: Your flesh is very heat resistant. (rF++)
                  | [potion of mutation]
 53121 | Depths:1 | Lost mutation: Your magical capacity is low. (-10% MP)
                  | [potion of mutation]
 53121 | Depths:1 | Lost mutation: You are very weak. (Str -4) [potion of
                  | mutation]
 53124 | Depths:1 | Lost mutation: Your body often deteriorates upon taking
                  | damage. [potion of mutation]
 53124 | Depths:1 | Lost mutation: Your natural rate of healing is unusually
                  | fast. [potion of mutation]
 53124 | Depths:1 | Lost mutation: You occasionally shout uncontrollably at
                  | your foes. [potion of mutation]
 53126 | Depths:1 | Lost mutation: You have razor-sharp toenails. [potion of
                  | mutation]
 53126 | Depths:1 | Lost mutation: You are completely covered in iridescent
                  | scales. (AC +6) [potion of mutation]
 53126 | Depths:1 | Lost mutation: You are weak. (Str -2) [potion of mutation]
 54086 | Abyss:3  | Cast into level 3 of the Abyss (a deep elf sorcerer)
 54110 | Abyss:3  | Gained mutation: Your spells are easier to cast, but less
                  | powerful. [hidden defects]
 54110 | Abyss:3  | Lost mutation: You have hidden genetic defects. [hidden
                  | defects expressed]
 54176 | Abyss:4  | Found a corrupted altar of Lugonu.
 54204 | Elf:3    | Escaped the Abyss
 54333 | Elf:3    | Lost mutation: Your translucent skin slightly reduces your
                  | foes' accuracy. (Stealth+) [potion of mutation]
 54333 | Elf:3    | Lost mutation: You occasionally lose the ability to drink
                  | potions when taking damage. [potion of mutation]
 54333 | Elf:3    | Lost mutation: You are covered in slimy tendrils that may
                  | disarm your opponents. [potion of mutation]
 54333 | Elf:3    | Lost mutation: You are clumsy. (Dex -2) [potion of
                  | mutation]
 54333 | Elf:3    | Lost mutation: You are mostly covered in iridescent scales.
                  | (AC +4) [potion of mutation]
 54333 | Elf:3    | Gained mutation: You have a pair of large horns on your
                  | head. [potion of mutation]
 54333 | Elf:3    | Gained mutation: You are agile. (Dex +4, Str/Int -1)
                  | [potion of mutation]
 54488 | Elf:3    | Got the Encyclopedia of the Violent Sphinx
 54497 | Elf:3    | Got the Enchiridion on Locality and Sparks
 54527 | Elf:3    | Identified the +2 scale mail of Valour {Harm rElec}
 55029 | Crypt:1  | Entered Level 1 of the Crypt
 55261 | Depths:1 | Reached skill level 1 in Conjurations
 55353 | Hell     | Killed Geryon
 55516 | Vaults:1 | You paid a toll of the horn of Geryon to enter a treasure
                  | trove
 55517 | Trove    | Entered a treasure trove
 55519 | Trove    | Found a bloodstained altar of Trog.
 55521 | Trove    | Found the +7 sceptre of Torment {pain, torment}
 55522 | Trove    | Lost mutation: You have very sharp teeth. [Jiyva's grace]
 55522 | Trove    | Lost mutation: You have a pair of large horns on your head.
                  | [Jiyva's grace]
 55522 | Trove    | Lost mutation: You have sharp toenails. [Jiyva's grace]
 55522 | Trove    | Lost mutation: You are agile. (Dex +4, Str/Int -1) [Jiyva's
                  | grace]
 55522 | Trove    | Lost mutation: Your body sometimes deteriorates upon taking
                  | damage. [Jiyva's grace]
 55522 | Trove    | Lost mutation: Your flesh is heat resistant. (rF+) [Jiyva's
                  | grace]
 55522 | Trove    | Gained mutation: Your flesh is cold resistant. (rC+)
                  | [Jiyva's grace]
 55522 | Trove    | Gained mutation: Your flesh is very cold resistant. (rC++)
                  | [Jiyva's grace]
 55522 | Trove    | Gained mutation: Your flesh is almost immune to the effects
                  | of cold. (rC+++) [Jiyva's grace]
 55522 | Trove    | Gained mutation: You have a small jelly attached to you
                  | that senses nearby items. [Jiyva's grace]
 55569 | Trove    | Found the +8 Wrath of Trog {antimagic, *Rage Rampage}
 55576 | Trove    | Identified the +7 rapier of Bifec {freeze, rF++}
 56446 | Zot:3    | Reached XP level 26. HP: 266/266 MP: 7/22
 56953 | Snake:1  | Bought the ring of Tootofe {*Slow rC+++ EV+5 Dex+3 Slay+5}
                  | for 1794 gold pieces
 57628 | Zot:5    | Gained mutation: You are frail. (-10% HP) [an orb of fire]
 57637 | Zot:5    | Killed an orb of fire
 57651 | Zot:5    | Got the Orb of Zot
 58235 | D:6      | Found a staircase to the Ecumenical Temple.
 58438 | D:$      | Escaped with the Orb!

Illustrated notes

Levels and vault maps discovered:
D:1:      scummos_arrival_hexagon, layout_rooms
D:2:      layout_loops_cross
D:3:      layout_basic, chequers_jeans
D:4:      layout_cave_pods
D:5:      layout_gridville, minmay_misc_feat_roman, serial_bayou_pond_d
D:6:      layout_rooms, minmay_temple_entry_from_below_a,
          minmay_misc_feat_square
D:7:      layout_cave_pools, gammafunk_temple_overflow_wave, fountainhead,
          roderic_cross_of_infinity
D:8:      layout_basic, onia_ninara_dug_in_and_dangerous
D:9:      layout_rooms, serial_shops, nicolae_shop_waterfront, minivault_25,
          kennysheep_potato
D:10:     layout_cross, nicolae_overflow_hidden_temple, kennysheep_mini,
          mainiacjoe_overflow_brackets, kennysheep_orc_monster_closet_entryway,
          enter_bailey_2
D:11:     layout_stronghold, minmay_lair_entry_grove, serial_shops, shop,
          small_chamber_with_monster, lemuel_flame_loot_1, uniq_gastronok
D:12:     minmay_imperfect_grid, layout_irregular_city, serial_shops, shop,
          grunt_decor_clamped, nzn_life_drinkers
D:13:     layout_roguey, erik_vaults_2, minmay_misc_feat_nine_boxes,
          lemuel_flamethrower_2, uniq_snorg
D:14:     layout_roguey [special_room_mythical_zoo]
D:15:     hangedman_depths_entry_civil_slaughter, layout_cave_pods,
          nicolae_elyvilon_temple_path
Lair:1:   layout_long_grid, ebering_ghost_rock_garden, special_room
          [special_room_bee], portal_ice_cave_entry_pillars_1,
          grunt_megastairs_2
Lair:2:   layout_roguey, minmay_shoals_entry_lonely_mermaid,
          guppyfry_snake_entry_garden
Lair:3:   layout_regular_city
Lair:4:   dreamdust_cave_troll, layout_concentric_octagons, slime_entry_1,
          minivault_23
Lair:5:   grunt_lair_end_beastmaster, layout_small_grid, serial_bayou,
          serial_bayou_lagoon_a, serial_bayou_shore_b, serial_bayou_lake_a,
          serial_bayou_shore_b
Shoals:1: layout_shoals, serial_shops, bzr_entry_dummy
Shoals:2: layout_shoals, nicolae_shop_firing_range
Shoals:3: argonaut_golden_fleece, layout_shoals, gammafunk_ghost_necromancy,
          uniq_polyphemus
Shoals:4: shoals_end_grunt_ice, layout_shoals, uniq_nikola, uniq_bai_suzhen
Snake:1:  layout_cave_pods, minmay_shop_grove
Snake:2:  layout_basic, gammafunk_ghost_split, nicolae_shop_unique_rings
Snake:3:  layout_chambers, drop_trap, uniq_mlioglotl
Snake:4:  hellmonk_snake_rune_quicksilver_temple, layout_cave_town,
          serial_shops, shop, drop_trap, grunt_megastairs_3, uniq_vashnia
Slime:1:  layout_caves
Slime:2:  layout_caves
Slime:3:  layout_caves
Slime:4:  layout_caves
Slime:5:  slime_pit_nicolae_jellycorners
Orc:1:    layout_caves, basic_altar
Orc:2:    st_orc_mages, layout_diamond_mine
Elf:1:    minmay_elf_arrival_circle, layout_loops_cross, serial_shops, shop,
          minmay_elf_sorcery, uniq_zenata
Elf:2:    elven_hall_of_blades_hangedman_alternative
          [nicolae_blade_entry_pointy_end], layout_rooms, lemuel_elevator,
          lemuel_upstairs_altar, uniq_agnes
Elf:3:    minmay_elf_hall_not_hex, layout_gridlike, grunt_megastairs_4
Vaults:1: infiniplex_enter_wizlab_water, hangedman_vaults_locks, v_misc_18,
          nicolae_vaults_storage_room_doors, grunt_vaults_trifunnel,
          serial_ice_h, v_alt_pattern_4, v_alt_pattern_5, serial_ice_b,
          hangedman_vaults_stretched_pinwheel, nicolae_vaults_ninety_degrees,
          vaults_mumra_hex, nicolae_vaults_theta, vaults_dpeg_ring,
          nicolae_vaults_trapezoid_1, layout_vaults_ring, serial_shops, shop,
          nicolae_diamond_shop, enter_trove_2
Vaults:2: hangedman_vaults_nails, nicolae_vaults_octothorpe,
          nicolae_vaults_back_hallway, vaults_room_large_hall, v_pattern_3,
          nicolae_vaults_apartment_1, hangedman_vaults_maws,
          hangedman_vaults_trim, v_misc_10, nicolae_vaults_alarming,
          nicolae_vaults_c_with_doors, layout_vaults_omnicross, serial_shops,
          bzr_entry_customers, nicolae_shop_dealshenge, shop,
          nicolae_shop_window_shopping
Vaults:3: v_misc_26, vaults_room_octagon, hangedman_vaults_stitches,
          nicolae_vaults_offset_grid_hallway_1, v_misc_17, v_pattern_2,
          emtedronai_trogs_sanctum, nicolae_vaults_apartment_1, v_misc_30,
          nicolae_vaults_windows_and_doors_thing,
          nicolae_vaults_sesquioval_fish, minmay_crypt_entry_necro_gods,
          nicolae_vaults_ring_of_whatevers, nicolae_vaults_oval_intersection,
          hangedman_vaults_impose, layout_vaults_maze, serial_shops, shop
Vaults:4: v_rooms_2, nicolae_vaults_trapezoid_1, nicolae_vaults_mitosis,
          nicolae_vaults_murderbox, nicolae_vaults_trapezoid_1,
          nicolae_vaults_network_periphery, ontoclasm_vaults_idyll,
          nicolae_vaults_little_squares_2, nicolae_vaults_storage_closets_2,
          nicolae_vaults_closet_pinwheel_2, nicolae_vaults_specimen_jars,
          v_misc_1, layout_vaults_quadrants, uniq_jory
Vaults:5: uniq_boris
Crypt:1:  layout_gridlike, small_statue_intersection
Depths:1: layout_basic, grunt_hell_entry_dis_grunt, trog_three_pillars_becter,
          nicolae_qazlal_eye_of_the_storm, kennysheep_random_hallway,
          uniq_norris
Depths:2: cross_vault, layout_gridville, enter_ziggurat_b,
          rand_demon_pan_entry_1, hell_entry, abyss_entry,
          minmay_misc_feat_plants, infiniplex_staircase_pool_2,
          serial_bayou_shore_b, minmay_shop_star
Depths:3: nzn_winding_woodlands_stair_trap [nzn_winding_woodlands_5x15_default,
          nzn_winding_woodlands_5x15_longhouse,
          nzn_winding_woodlands_5x15_cabin, nzn_winding_woodlands_15x15_killbox,
          nzn_winding_woodlands_5x15_jagged, nzn_winding_woodlands_5x15_default,
          nzn_winding_woodlands_5x15_pockets], layout_cave_shapes, hell_entry,
          abyss_entry, kennysheep_generic_room_2
Depths:4: grunt_zot_entry_alcove, layout_honeycomb,
          chequers_serial_rivers_micro_c, hellmouth_1, serial_bayou_shore_b
Hell
Zot:1:    layout_cathedral_of_symmetry, nicolae_zig_zag_zippers
Zot:2:    layout_misc_corridors, regret_index_zotdec_gossamer_gf,
          st_large_dragon_hoard_2
Zot:3:    layout_misc_corridors
Zot:4:    layout_cathedral_of_symmetry, hangedman_zot_diagonal_lockstep
Zot:5:    layout_onion, skrybe_zot_glass_1

Skill      XL: |  1  2  3  4  5  6  7  8  9 10 11 12 13 14 15 16 17 18 19 20 21 22 23 24 25 26 |
---------------+-------------------------------------------------------------------------------+-----
Dodging        | 1 2 3 4 7 11 15 18 19 | 19.5
Armour         | 4 5 6 7 8 10 12 15 17 18 19 21 22 23 24 25 26 27 | 27.0
Fighting       | 4 5 6 7 8 10 11 13 15 17 18 20 22 23 24 26 27 | 27.0
Maces & Flails | 3 4 5 6 8 10 12 14 16 18 19 20 22 23 24 26 27 | 27.0
Shields        | 8 12 15 18 20 23 25 26 | 26.2
Conjurations   | 2 4 |  4.3

Action                     |  1- 3 |  4- 6 |  7- 9 | 10-12 | 13-15 | 16-18 | 19-21 | 22-24 | 25-27 || total
---------------------------+-------+-------+-------+-------+-------+-------+-------+-------+-------++-------
  Melee: Flail             |    95 |    59 |    23 |       |       |       |       |       |       ||   177
         Headbutt          |     9 |    14 |    55 |   210 |   220 |   243 |   291 |   479 |   253 ||  1774
         Punch             |     1 |     1 |     3 |    18 |     5 |       |       |       |       ||    28
         Dagger            |       |    33 |       |       |       |       |       |       |       ||    33
         Whip              |       |       |   286 |   700 |   222 |       |       |       |       ||  1208
         Great mace        |       |       |       |       |   869 |   940 |   988 |   743 |       ||  3540
         Bite              |       |       |       |       |    32 |   123 |   177 |   278 |   119 ||   729
         Pseudopods        |       |       |       |       |       |    20 |   255 |   235 |   234 ||   744
         Kick              |       |       |       |       |       |    12 |   173 |   350 |    11 ||   546
         Eveningstar       |       |       |       |       |       |       |       |   769 |   777 ||  1546
  Throw: Javelin           |       |       |       |     6 |       |       |     1 |     4 |     4 ||    15
         Dart              |       |       |       |     6 |       |       |       |       |       ||     6
 Invoke: Slimify           |       |       |       |       |       |     1 |     1 |       |       ||     2
  Evoke: Wand              |       |       |       |       |     1 |     8 |       |     2 |     7 ||    18
         Phial of floods   |       |       |       |       |       |     1 |       |       |       ||     1
    Use: Scroll            |       |       |     9 |     6 |    12 |     5 |    15 |    10 |     7 ||    64
         Potion            |       |       |     1 |     4 |     9 |     7 |     6 |     3 |     4 ||    34
   Stab: Distracted        |       |       |       |     1 |       |       |       |     1 |     2 ||     4
         Petrified         |       |       |       |       |       |     4 |       |       |       ||     4
         Confused          |       |       |       |       |       |     8 |     9 |       |       ||    17
         Invisible         |       |       |       |       |       |     1 |       |       |       ||     1
         Held in net/web   |       |       |       |       |       |       |       |     1 |       ||     1
 Armour: Scale mail        |    63 |    48 |    85 |       |       |       |       |       |       ||   196
         Plate armour      |       |       |    80 |   185 |   886 |   269 |   417 |  1373 |   719 ||  3929
         Fire dragon scale |       |       |       |   218 |    47 |   728 |       |       |       ||   993
         Quicksilver drago |       |       |       |       |       |       |   553 |       |       ||   553
  Dodge: Dodged            |    72 |    82 |   186 |   329 |   706 |   839 |   951 |  1315 |   789 ||  5269
  Block: Tower shield      |       |       |       |       |       |       |       |  1076 |  1257 ||  2333
         Buckler           |       |       |       |       |       |       |       |     6 |       ||     6

Table legend: (Time is in decaauts)
 A = Elapsed time spent in this place.
 B = Non-inter-level travel time spent in this place.
 C = Inter-level travel time spent in this place.
 D = Time resting spent in this place.
 E = Time spent auto-exploring this place.
 F = Levels seen in this place.
 G = Mean time per level.
                   A        B        C        D        E       F      G
               +--------+--------+--------+--------+--------+-----+--------+
         Total |  56893 |  49736 |   7157 |   1778 |  30277 |  62 |  917.6 |
       Dungeon |  18280 |  15655 |   2625 |    448 |  11681 |  15 | 1218.7 |
          Lair |   6123 |   5147 |    976 |    305 |   3720 |   5 | 1224.6 |
        Shoals |   3447 |   3317 |    130 |     70 |   1741 |   4 |  861.8 |
     Snake Pit |   4227 |   3814 |    413 |     47 |   2567 |   4 | 1056.8 |
    Slime Pits |    223 |    171 |     52 |      0 |      0 |   5 |   44.6 |
  Orcish Mines |   1496 |   1074 |    422 |     41 |    606 |   2 |  748.0 |
   Elven Halls |   3354 |   3177 |    177 |    144 |   1655 |   3 | 1118.0 |
        Vaults |   6596 |   5927 |    669 |    185 |   3588 |   5 | 1319.2 |
         Crypt |     20 |     20 |      0 |      0 |      0 |   1 |   20.0 |
        Depths |   6756 |   5395 |   1361 |    276 |   2952 |   4 | 1689.0 |
          Hell |    186 |    186 |      0 |      0 |      0 |   1 |  186.0 |
           Zot |   4292 |   3963 |    329 |     78 |   1070 |   5 |  858.4 |
         Abyss |    281 |    281 |      0 |      0 |     14 |   3 |   93.7 |
        Bazaar |    183 |    183 |      0 |      0 |     99 |   2 |   91.5 |
         Trove |    118 |    118 |      0 |      0 |     27 |   1 |  118.0 |
        Bailey |    257 |    257 |      0 |      0 |     63 |   1 |  257.0 |
      Ice Cave |   1047 |   1047 |      0 |    184 |    492 |   1 | 1047.0 |
               +--------+--------+--------+--------+--------+-----+--------+

Top non-repeatable levels by time:
    D:12: 2414 daAuts
    D:11: 2245 daAuts
Depths:3: 1968 daAuts
    D:13: 1705 daAuts
Vaults:4: 1680 daAuts
Depths:4: 1674 daAuts
Depths:1: 1667 daAuts
     D:8: 1643 daAuts
  Lair:1: 1562 daAuts
    D:10: 1511 daAuts
Depths:2: 1446 daAuts
   Elf:3: 1402 daAuts
  Lair:2: 1379 daAuts
 Snake:4: 1343 daAuts
   Zot:5: 1309 daAuts
